BSA
IRVINE GANG GREEN @ SPRINGFIELD STARS
09/01/2027
 
TOP OF THE 1ST
Irvine Gang Green batting - Pitching for Springfield Stars : RHP George Lockhart
Pitching: RHP George Lockhart
Batting: RHB José Salazar 0-0: Called Strike
0-1: Called Strike
0-2: Foul Ball, location: 2F
0-2: Ball
1-2: Ball
2-2: DOUBLE (Line Drive, 7LD)
Batting: LHB Jorge Martínez 0-0: Foul Ball, location: 2F
0-1: Called Strike
0-2: Ball
1-2: Ground out 3-1 (Groundball, 34S)
José Salazar to third
Batting: LHB Jesús Campos 0-0: Ball
1-0: Foul Ball, location: 2F
1-1: Ground out 1-3 (Groundball, 15S)
Batting: LHB Víctor Quiñones 0-0: Called Strike
0-1: Ball
1-1: Foul Ball, location: 2F
1-2: Ball
2-2: SINGLE (Groundball, 34D)
José Salazar scores
Batting: RHB Buck Jones 0-0: Ball
1-0: Ball
2-0: Foul Ball, location: 2F
2-1: Foul Ball, location: 2F
2-2: Ball
3-2: Foul Ball, location: 2F
3-2: Foul Ball, location: 2F
3-2: Base on Balls
Víctor Quiñones to second
Batting: LHB Leonardo Medina 0-0: Ball
1-0: Ball
2-0: Called Strike
2-1: Ball
3-1: Base on Balls
Víctor Quiñones to third
Buck Jones to second
Batting: RHB Tom Doherty 0-0: Ball
1-0: Ball
2-0: SINGLE (Line Drive, 89S)
Víctor Quiñones scores
Buck Jones to third
Leonardo Medina to second
Runner from 3rd tries for Home, SAFE, no throw
Batting: LHB Tom Baker 0-0: Ball
1-0: Swinging Strike
1-1: Called Strike
1-2: Strikes out swinging
Top of the 1st over - 3 run(s), 3 hit(s), 0 error(s), 2 left on base; Irvine 3 - Springfield 0
BOTTOM OF THE 1ST
Springfield Stars batting - Pitching for Irvine Gang Green : RHP Mike Marrero
Pitching: RHP Mike Marrero
Batting: RHB Juan Rodríguez 0-0: Called Strike
0-1: Ball
1-1: Foul Ball, location: 2F
1-2: Ground out 5-3 (Groundball, 56)
Batting: RHB Calvin Bennett 0-0: Called Strike
0-1: Fly out, F8 (Flyball, 78D)
Batting: LHB Felipe Guerrero 0-0: Ball
1-0: Swinging Strike
1-1: Ball
2-1: Called Strike
2-2: Ground out 4-3 (Groundball, 4)
Bottom of the 1st over - 0 run(s), 0 hit(s), 0 error(s), 0 left on base; Irvine 3 - Springfield 0
TOP OF THE 2ND
Irvine Gang Green batting - Pitching for Springfield Stars : RHP George Lockhart
Batting: RHB Ronnie Brown 0-0: Called Strike
0-1: SINGLE (Line Drive, 8RS)
Batting: RHB José Salazar 0-0: Swinging Strike
0-1: Ball
1-1: Called Strike
1-2: Foul Ball, location: 2F
1-2: Foul Ball, location: 2F
1-2: Foul Ball, location: 2F
1-2: Strikes out looking
Batting: LHB Jorge Martínez 0-0: Swinging Strike
0-1: Ball
1-1: Swinging Strike
1-2: Ball
2-2: Foul Ball, location: 2F
2-2: Foul Ball, location: 2F
2-2: Ball
3-2: Base on Balls
Ronnie Brown to second
Batting: LHB Jesús Campos 0-0: Ball
1-0: Foul Ball, location: 2F
1-1: Foul Ball, location: 2F
1-2: Foul Ball, location: 2F
1-2: Ball
2-2: Fly out, F4 (Popup, 3D)
Batting: LHB Víctor Quiñones 0-0: Hit by Pitch
Ronnie Brown to third
Jorge Martínez to second
Batting: RHB Buck Jones 0-0: Ball
1-0: Foul Ball, location: 2F
1-1: Fly out, F7 (Flyball, 7D)
Top of the 2nd over - 0 run(s), 1 hit(s), 0 error(s), 3 left on base; Irvine 3 - Springfield 0
BOTTOM OF THE 2ND
Springfield Stars batting - Pitching for Irvine Gang Green : RHP Mike Marrero
Batting: RHB Norberto Taváres 0-0: Ball
1-0: Foul Ball, location: 2F
1-1: Foul Ball, location: 2F
1-2: Ball
2-2: Foul Ball, location: 2F
2-2: Ball
3-2: Ground out 5-3 (Groundball, 56)
Batting: SHB Shane Hutchinson 0-0: Foul Ball, location: 2F
0-1: SINGLE (Flyball, 89S)
Batting: LHB Elliott Newell 0-0: Ball
1-0: Ball
2-0: Fly out, F7 (Flyball, 7D)
Batting: LHB Ryan Drake 0-0: Ground out 4-3 (Groundball, 4MS)
Bottom of the 2nd over - 0 run(s), 1 hit(s), 0 error(s), 1 left on base; Irvine 3 - Springfield 0
TOP OF THE 3RD
Irvine Gang Green batting - Pitching for Springfield Stars : RHP George Lockhart
Batting: LHB Leonardo Medina 0-0: Ball
1-0: Ball
2-0: Called Strike
2-1: Ball
3-1: Base on Balls
Batting: RHB Tom Doherty 0-0: Called Strike
Leonardo Medina steals 2nd base
0-1: Ball
1-1: Ball
2-1: Ball
3-1: Ground out 4-3 (Groundball, 4)
Leonardo Medina to third
Pitching: RHP Yajirobei Endo
Batting: LHB Tom Baker 0-0: Ball
1-0: Called Strike
1-1: Ball
2-1: Ground out 4-3 (Groundball, 4MS)
Leonardo Medina scores
Batting: RHB Ronnie Brown 0-0: Ball
1-0: Called Strike
1-1: Foul Ball, location: 2F
1-2: Fly out, F8 (Flyball, 8RM)
Top of the 3rd over - 1 run(s), 0 hit(s), 0 error(s), 0 left on base; Irvine 4 - Springfield 0
BOTTOM OF THE 3RD
Springfield Stars batting - Pitching for Irvine Gang Green : RHP Mike Marrero
Batting: LHB Jesús Tobías 0-0: Ball
1-0: Ball
2-0: Ground out U3 (Groundball, 3)
Batting: RHB Félix Gonzáles 0-0: Called Strike
0-1: Ground out 6-3 (Groundball, 6)
Batting: RHB Juan Rodríguez 0-0: Ball
1-0: Foul Ball, location: 2F
1-1: SINGLE (Groundball, 6MD)
Batting: RHB Calvin Bennett 0-0: Ball
1-0: Ball
2-0: Ground out 5-3 (Groundball, 56S)
Bottom of the 3rd over - 0 run(s), 1 hit(s), 0 error(s), 1 left on base; Irvine 4 - Springfield 0
TOP OF THE 4TH
Irvine Gang Green batting - Pitching for Springfield Stars : RHP Yajirobei Endo
Batting: RHB José Salazar 0-0: Ground out 5-3 (Groundball, 5)
Batting: LHB Jorge Martínez 0-0: Ball
1-0: Foul Ball, location: 2F
1-1: Ball
2-1: Ball
3-1: SINGLE (Flyball, 89S)
Batting: LHB Jesús Campos 0-0: Ball
1-0: Swinging Strike
1-1: Ball
2-1: Swinging Strike
2-2: Strikes out swinging
Batting: LHB Víctor Quiñones 0-0: Called Strike
0-1: Swinging Strike
0-2: Foul Ball, location: 2F
0-2: Strikes out looking
Top of the 4th over - 0 run(s), 1 hit(s), 0 error(s), 1 left on base; Irvine 4 - Springfield 0
BOTTOM OF THE 4TH
Springfield Stars batting - Pitching for Irvine Gang Green : RHP Mike Marrero
Batting: LHB Felipe Guerrero 0-0: Called Strike
0-1: Ball
1-1: Ball
2-1: Foul Ball, location: 2F
2-2: Ball
3-2: Foul Ball, location: 2F
3-2: Base on Balls
Batting: RHB Norberto Taváres 0-0: Ball
1-0: Called Strike
1-1: Foul Ball, location: 2F
1-2: Ball
2-2: Foul Ball, location: 2F
2-2: Ball
3-2: Grounds into double play, 4-6-3 (Groundball, 4)
Batting: SHB Shane Hutchinson 0-0: Called Strike
0-1: Foul Ball, location: 2F
0-2: Strikes out looking
Bottom of the 4th over - 0 run(s), 0 hit(s), 0 error(s), 0 left on base; Irvine 4 - Springfield 0
TOP OF THE 5TH
Irvine Gang Green batting - Pitching for Springfield Stars : RHP Yajirobei Endo
Pitching: LHP Jeremy Meyer
Batting: RHB Buck Jones 0-0: Called Strike
0-1: Foul Ball, location: 2F
0-2: Ball
1-2: Foul Ball, location: 2F
1-2: Foul Ball, location: 2F
1-2: Ball
2-2: Fly out, F2 (Popup, 2R)
Batting: LHB Leonardo Medina 0-0: Swinging Strike
0-1: Ball
1-1: SINGLE (Line Drive, 89M)
Batting: RHB Tom Doherty 0-0: Ball
Leonardo Medina is caught stealing 2nd base
1-0: Foul Ball, location: 2F
1-1: Ball
2-1: Fly out, F7 (Line Drive, 7)
Top of the 5th over - 0 run(s), 1 hit(s), 0 error(s), 0 left on base; Irvine 4 - Springfield 0
BOTTOM OF THE 5TH
Springfield Stars batting - Pitching for Irvine Gang Green : RHP Mike Marrero
Batting: LHB Elliott Newell 0-0: SOLO HOME RUN (Flyball, 9LD), Distance : 334 ft
Batting: LHB Ryan Drake 0-0: Ball
1-0: Foul Ball, location: 2F
1-1: Ball
2-1: Ball
3-1: Base on Balls
Batting: LHB Jesús Tobías 0-0: Foul Ball, location: 2F
0-1: Foul Ball, location: 2F
0-2: Fly out, F8 (Line Drive, 8RM)
Batting: RHB Félix Gonzáles 0-0: SINGLE (Groundball, 6MD)
Ryan Drake to second
Runner from 2nd tries for 3rd, SAFE, throw made to third
Batting: RHB Juan Rodríguez 0-0: Called Strike
0-1: Foul Ball, location: 2F
0-2: Ball
1-2: Grounds into double play, 6-4-3 (Groundball, 56)
Bottom of the 5th over - 1 run(s), 2 hit(s), 0 error(s), 1 left on base; Irvine 4 - Springfield 1
TOP OF THE 6TH
Irvine Gang Green batting - Pitching for Springfield Stars : LHP Jeremy Meyer
Batting: LHB Tom Baker 0-0: Foul Ball, location: 2F
0-1: Swinging Strike
0-2: Ground out U3 (Groundball, 3)
Pitching: LHP Shan Liu
Batting: RHB Ronnie Brown 0-0: Ball
1-0: Ball
2-0: Ball
3-0: Base on Balls
Batting: RHB José Salazar 0-0: Ball
1-0: Grounds into double play, 4-6-3 (Groundball, 4)
Top of the 6th over - 0 run(s), 0 hit(s), 0 error(s), 0 left on base; Irvine 4 - Springfield 1
BOTTOM OF THE 6TH
Springfield Stars batting - Pitching for Irvine Gang Green : RHP Mike Marrero
Batting: RHB Calvin Bennett 0-0: Ball
1-0: Called Strike
1-1: Foul Ball, location: 2F
1-2: Ball
2-2: Ball
3-2: Fly out, F3 (Popup, 3S)
Batting: LHB Felipe Guerrero 0-0: Foul Ball, location: 2F
0-1: Ball
1-1: Called Strike
1-2: Ball
2-2: Ball
3-2: Base on Balls
Batting: RHB Norberto Taváres 0-0: Swinging Strike
0-1: Ball
1-1: Called Strike
1-2: Foul Ball, location: 2F
1-2: Ball
2-2: Foul Ball, location: 2F
2-2: Foul Ball, location: 2F
2-2: Foul Ball, location: 2F
2-2: Ball
3-2: Foul Ball, location: 2F
3-2: Grounds into double play, 6-4-3 (Groundball, 6)
Bottom of the 6th over - 0 run(s), 0 hit(s), 0 error(s), 0 left on base; Irvine 4 - Springfield 1
TOP OF THE 7TH
Irvine Gang Green batting - Pitching for Springfield Stars : LHP Shan Liu
Batting: LHB Jorge Martínez 0-0: Called Strike
0-1: Ball
1-1: Foul Ball, location: 2F
1-2: Fly out, F8 (Line Drive, 8LD)
Batting: LHB Jesús Campos 0-0: Fly out, F9 (Line Drive, 9D)
Batting: LHB Víctor Quiñones 0-0: Foul Ball, location: 2F
0-1: Ball
1-1: Foul Ball, location: 2F
1-2: Ground out 4-3 (Groundball, 4)
Top of the 7th over - 0 run(s), 0 hit(s), 0 error(s), 0 left on base; Irvine 4 - Springfield 1
BOTTOM OF THE 7TH
Springfield Stars batting - Pitching for Irvine Gang Green : RHP Mike Marrero
Now at 2B: Aaron Wilson
Batting: SHB Shane Hutchinson 0-0: Called Strike
0-1: Called Strike
0-2: Strikes out swinging
Batting: LHB Elliott Newell 0-0: Swinging Strike
0-1: Ball
1-1: Called Strike
1-2: Foul Ball, location: 2F
1-2: Ball
2-2: Ball
3-2: Base on Balls
Batting: LHB Ryan Drake 0-0: Foul Ball, location: 2F
0-1: Ball
1-1: Ball
2-1: Fly out, F8 (Line Drive, 8RD)
Batting: LHB Jesús Tobías 0-0: Called Strike
0-1: Fielders Choice at 2nd, 4-6 (Groundball, 4)
Bottom of the 7th over - 0 run(s), 0 hit(s), 0 error(s), 0 left on base; Irvine 4 - Springfield 1
TOP OF THE 8TH
Irvine Gang Green batting - Pitching for Springfield Stars : LHP Shan Liu
Batting: RHB Buck Jones 0-0: Called Strike
0-1: Ball
1-1: Swinging Strike
1-2: Ball
2-2: Ball
3-2: Foul Ball, location: 2F
3-2: Foul Ball, location: 2F
3-2: Fly out, F9 (Flyball, 9LS)
Batting: LHB Leonardo Medina 0-0: Ground out 4-3 (Groundball, 4M)
Batting: RHB Tom Doherty 0-0: Ball
1-0: Ground out 6-3 (Groundball, 6M)
Top of the 8th over - 0 run(s), 0 hit(s), 0 error(s), 0 left on base; Irvine 4 - Springfield 1
BOTTOM OF THE 8TH
Springfield Stars batting - Pitching for Irvine Gang Green : RHP Mike Marrero
Pitching: LHP Santiago González
Batting: RHB Félix Gonzáles 0-0: Called Strike
0-1: Ball
1-1: Swinging Strike
1-2: Strikes out looking
Batting: RHB Juan Rodríguez 0-0: Ball
1-0: Called Strike
1-1: Called Strike
1-2: Fly out, F3 (Line Drive, 3)
Batting: RHB Calvin Bennett 0-0: Ball
1-0: Ball
2-0: Ball
3-0: Reached on error, E4 (Groundball, 4M)
Batting: LHB Felipe Guerrero 0-0: Ball
1-0: Fly out, F8 (Flyball, 8LD)
Bottom of the 8th over - 0 run(s), 0 hit(s), 1 error(s), 1 left on base; Irvine 4 - Springfield 1
TOP OF THE 9TH
Irvine Gang Green batting - Pitching for Springfield Stars : LHP Shan Liu
Batting: LHB Tom Baker 0-0: Ball
1-0: Ball
2-0: Called Strike
2-1: Ball
3-1: Base on Balls
Batting: RHB Ronnie Brown 0-0: Swinging Strike
0-1: Ground out 4-3 (Groundball, 34)
Tom Baker to second
Batting: RHB José Salazar 0-0: Fly out, F6 (Line Drive, 6)
Batting: RHB Aaron Wilson 0-0: Called Strike
0-1: Swinging Strike
0-2: Ball
1-2: Strikes out looking
Top of the 9th over - 0 run(s), 0 hit(s), 0 error(s), 1 left on base; Irvine 4 - Springfield 1
BOTTOM OF THE 9TH
Springfield Stars batting - Pitching for Irvine Gang Green : LHP Santiago González
Pitching: RHP Mike Fisher
Batting: RHB Norberto Taváres 0-0: Ball
1-0: Foul Ball, location: 2F
1-1: Foul Ball, location: 2F
1-2: Ball
2-2: Ball
3-2: SINGLE (Line Drive, 34)
Batting: SHB Shane Hutchinson 0-0: Ball
1-0: Called Strike
1-1: Ball
2-1: Ball
3-1: Fly out, F4 (Popup, 4)
Batting: LHB Elliott Newell 0-0: 2-RUN HOME RUN (Line Drive, 78XD), Distance : 445 ft
Pitching: RHP Kuang-yin Yue
Batting: LHB Ryan Drake 0-0: SINGLE (Groundball, 34D)
Batting: LHB Jesús Tobías 0-0: Ball
1-0: Ball
2-0: SINGLE (Line Drive, 34D)
Ryan Drake to second
Pinch Hitting: RHB Juan Carlos Rodríguez 0-0: Called Strike
0-1: Swinging Strike
0-2: Foul Ball, location: 2F
0-2: Strikes out swinging
Batting: RHB Juan Rodríguez 0-0: Swinging Strike
0-1: Ball
1-1: Ball
2-1: Foul Ball, location: 2F
2-2: Strikes out swinging
Bottom of the 9th over - 2 run(s), 4 hit(s), 0 error(s), 2 left on base; Irvine 4 - Springfield 3
Thursday, March 30th, 2017 - OOTP Baseball 17.12 Build 75